 Dungeon Crawl Stone Soup version 0.30-a0-632-g346586fe48 (webtiles) character file.

Game seed: 2169680037766799532

43 tilp the Shield-Bearer (level 4, -1/39 HPs)
             Began as a Meteoran Fighter on Jan 13, 2023.
             Frozen to death by an endoplasm (5 damage)
             ... on level 3 of the Dungeon.
             The game lasted 00:03:10 (639 turns).

tilp the Shield-Bearer (Meteoran Fighter)            Turns: 639, Time: 00:03:11

Health: -1/39      AC:  7    Str: 18    XL:     4   Next: 6%
Magic:  5/5        EV: 10    Int:  9    God:
Gold:   67         SH:  5    Dex: 15    Spells: 3/3 levels left

rFire   . . .      SeeInvis .    a - +0 long sword
rCold   . . .      Faith    .    c - +0 buckler
rNeg    . . .      Spirit   .    b - +0 scale mail
rPois   .          Reflect  .    (no helmet)
rElec   .          Harm     .    (no cloak)
rCorr   .          Rampage  .    (no gloves)
Will    .....                    (no boots) Stlth
                                 (no amulet)
HPRegen 0.26/turn                (no ring)
MPRegen 0.09/turn                (no ring)

@: glowing
A: sense surroundings 1, otherworldly, glowing, explore regen
a: no special abilities


You were on level 3 of the Dungeon.
You visited 1 branch of the dungeon, and saw 3 of its levels.

You collected 67 gold pieces.

Inventory:

Hand Weapons
 a - a +0 long sword (weapon)
Missiles
 e - 27 stones (quivered)
Armour
 b - a +0 scale mail (worn)
 c - a +0 buckler (worn)
 i - a +1 ring mail of willpower
Jewellery
 k - a ring of ice
Scrolls
 o - 2 scrolls of torment {unknown}
 p - a scroll of magic mapping {unknown}
 r - a scroll of blinking {unknown}
 s - a scroll of identify {unknown}
Potions
 d - a potion of might
 f - a potion of magic {unknown}
 g - 2 potions of degeneration {unknown}
 h - a potion of heal wounds {unknown}
 j - a potion of mutation {unknown}
 l - a potion of flight {unknown}
 m - a potion of brilliance {unknown}
 n - a potion of invisibility {unknown}
 q - 3 potions of curing {unknown}


   Skills:
 + Level 3.6 Fighting
 + Level 2.7 Long Blades
 + Level 3.9 Armour
 * Level 1.9 Dodging
 + Level 0.6 Stealth
 + Level 3.9 Shields


You had 3 spell levels left.
You didn't know any spells.
Your spell library was empty.

Dungeon Overview and Level Annotations

Branches:
Dungeon (3/15) Zot: 1133

Altars:
Uskayaw

Portals:
Sewer: D:3


Innate Abilities, Weirdness & Mutations

You passively map a small area around you.
You are easily found by Zot.
You glow in the dark.
You regain HP and MP as you explore.


Message History

The goblin hits you but does no damage. The endoplasm freezes you.
You are frozen.
* * * LOW HITPOINT WARNING * * *
You closely miss the adder.
The adder is moderately wounded.
You feel sick.
You are no longer poisoned.
The adder bites you but does no damage. The goblin closely misses you.
You block the endoplasm's attack. The adder bites you but does no damage.
You barely miss the adder.
The adder is moderately wounded.
The adder barely misses you. The goblin hits you but does no damage.
The endoplasm freezes you.
You are frozen.
* * * LOW HITPOINT WARNING * * *
The adder bites you but does no damage.
You barely miss the adder.
The adder is moderately wounded.
The endoplasm completely misses you. You block the goblin's attack.
The adder bites you but does no damage. The endoplasm freezes you.
You are frozen.
* * * LOW HITPOINT WARNING * * *
The goblin hits you but does no damage.
You completely miss the adder.
The adder is moderately wounded.
The adder bites you but does no damage. The goblin hits you but does no damage.
The endoplasm freezes you.
You are frozen.
* * * LOW HITPOINT WARNING * * *
The adder bites you but does no damage.
You slash the adder!
You kill the adder!
The goblin hits you with a +0 dagger.
* * * LOW HITPOINT WARNING * * *
The endoplasm hits you but does no damage.
The endoplasm freezes you.
You are frozen.
You die...

, ##.. .. * , ,..
##..##.## ...
,......., #* , ....
#≈~≈≈≈# .## , ,
....##~~~~~##..## ,
....~~.....~~...## ,
....~~.....~~....# ,
, ....~≈.†g........#
, ....~~)@...~~~...#
, , ,
....≈~J....~~....# ,
..#.##≈~~≈≈##....#*
≈≈≈ J
#.##~~~~~##...##
,≈... ,
#...~..........# ≈.§≈
######.........#
.≈.≈. , ,
..........<.>##.≈.≈.
* ,
.................≈§..
###.#..........#.≈.§≈


You could see an endoplasm and a goblin.

Vanquished Creatures
  2 adders (D:3)
  2 dart slugs (D:1)
  An orc (D:3)
  6 bats
  2 endoplasms
  A giant cockroach (D:1)
  4 goblins
  3 hobgoblins (D:1)
  A kobold (D:2)
  2 quokkas
  2 ball pythons (D:3)
  A frilled lizard (D:2)
  A rat (D:2)
28 creatures vanquished.

Notes
Turn   | Place    | Note
-------+----------+-------------------------------------------
     0 | D:1      | tilp the Meteoran Fighter began the quest for the Orb.
     0 | D:1      | Reached XP level 1. HP: 19/19 MP: 2/2
    96 | D:1      | Reached XP level 2. HP: 26/26 MP: 3/3
   152 | D:1      | Reached skill level 1 in Dodging
   216 | D:2      | Reached XP level 3. HP: 31/31 MP: 4/4
   599 | D:3      | Found a hide-covered altar of Uskayaw.
   613 | D:3      | Found a glowing drain.
   632 | D:3      | Reached XP level 4. HP: 22/39 MP: 5/5
   639 | D:3      | Frozen to death by an endoplasm

Illustrated notes

Levels and vault maps discovered:
D:1:      tarquinn_simple_flora_water_d, layout_rooms
D:2:      layout_loops_ring
D:3:      layout_rooms, mainiacjoe_overflow_concentric_impassable,
          hellmonk_ecumenical_altar_blasted, cheibrodos_sewer_entry_sluice,
          minmay_misc_feat_hallway

Skill      XL: |  1  2 |
---------------+-------+-----
Dodging        | 1 |  1.9
Fighting       | |  3.6
Long Blades    | |  2.7
Armour         | |  3.9
Stealth        | |  0.6
Shields        | |  3.9

Action                   |  1- 3 |  4- 6 || total
-------------------------+-------+-------++-------
Melee: Long sword        |    77 |     8 ||    85
Armor: Scale mail        |    49 |    15 ||    64
Dodge: Dodged            |    27 |     5 ||    32
Block: Buckler           |    15 |     4 ||    19

Table legend: (Time is in decaauts)
 A = Elapsed time spent in this place.
 B = Non-inter-level travel time spent in this place.
 C = Inter-level travel time spent in this place.
 D = Time resting spent in this place.
 E = Time spent auto-exploring this place.
 F = Levels seen in this place.
 G = Mean time per level.
                   A        B        C        D        E       F      G
               +--------+--------+--------+--------+--------+-----+--------+
         Total |    665 |    594 |     71 |      0 |      0 |   3 |  221.7 |
       Dungeon |    665 |    594 |     71 |      0 |      0 |   3 |  221.7 |
               +--------+--------+--------+--------+--------+-----+--------+

Top non-repeatable levels by time:
     D:2: 352 daAuts
     D:1: 257 daAuts
     D:3: 55 daAuts
